 Dungeon Crawl Stone Soup version 0.26.1-11-gd32895ea62 (webtiles) character file.

Game seed: 13115167234586641961

875 alphawulf the Archer (level 8, -6/60 (63) HPs)
             Began as a Gnoll Hunter on July 2, 2021.
             Mangled by a hell rat (7 damage)
             ... on level 5 of the Dungeon.
             The game lasted 00:16:08 (5276 turns).

alphawulf the Archer (Gnoll Hunter)                 Turns: 5276, Time: 00:16:08

HP:   -6/60 (63)    AC:  6    Str: 17    XL:     8   Next: 4%
MP:   12/12         EV: 14    Int: 13    God:
Gold: 272           SH:  0    Dex: 16    Spells: 12/12 levels left

rFire    + . .     SeeInvis .   b - +0 scythe
rCold    . . .     Faith    .   (shield currently unavailable)
rNeg     . . .     Spirit   .   f - +1 ring mail {rF+}
rPois    .         Reflect  .   (no helmet)
rElec    .         Harm     .   (no cloak)
rCorr    .         Rampage  .   (no gloves)
Will     .....                  (no boots)
Stlth    +++.......             (no amulet)
HPRegen  0.20/turn              l - ring of stealth
MPRegen  0.13/turn              (no ring)

@: about to teleport, lightly drained
A: distributed training, fangs 1, strong nose
a: no special abilities


You were on level 5 of the Dungeon.
You visited 1 branch of the dungeon, and saw 5 of its levels.

You collected 286 gold pieces.
You spent 14 gold pieces at shops.

Inventory:

Hand Weapons
 a - a +2 shortbow
 b - a +0 scythe (weapon)
Missiles
 d - 99 arrows
 p - 6 silver boomerangs (quivered)
Armour
 f - a +1 ring mail of fire resistance (worn)
Jewellery
 l - a ring of stealth (left hand)
Wands
 m - a wand of digging (4)
Scrolls
 e - 2 scrolls of remove curse
 g - a scroll of enchant armour
 i - 2 scrolls of identify
 j - a scroll of teleportation
Potions
 c - a potion of berserk rage
 h - a potion of degeneration {unknown}
 k - a potion of curing
 q - 2 potions of haste
 r - 3 potions of brilliance


   Skills:
 + Level 5.4 Fighting
 + Level 2.9 Short Blades
 + Level 2.9 Long Blades
 + Level 2.9 Axes
 + Level 2.9 Maces & Flails
 + Level 2.9 Polearms
 + Level 2.9 Staves
 + Level 2.9 Slings
 + Level 9.0 Bows
 + Level 2.9 Crossbows
 + Level 2.9 Throwing
 + Level 2.9 Armour
 + Level 5.4 Dodging
 + Level 3.8 Stealth
 + Level 2.9 Shields
 + Level 2.9 Unarmed Combat
 + Level 2.9 Spellcasting
 + Level 2.3 Conjurations
 + Level 2.3 Hexes
 + Level 2.3 Summonings
 + Level 2.3 Necromancy
 + Level 2.3 Translocations
 + Level 2.3 Transmutations
 + Level 2.3 Fire Magic
 + Level 2.3 Ice Magic
 + Level 2.3 Air Magic
 + Level 2.3 Earth Magic
 + Level 2.3 Poison Magic
 + Level 3.2 Invocations
 + Level 2.9 Evocations


You had 12 spell levels left.
You didn't know any spells.
Your spell library was empty.

Dungeon Overview and Level Annotations

Branches:
Dungeon (5/15)
 Temple: D:4-7

Altars:
The Shining One

Shops:
D:4 ?


Innate Abilities, Weirdness & Mutations

Your experience applies equally to all skills.
You have very sharp teeth.
Your uncanny sense of smell can sniff out nearby items.


Message History

The hell rat closely misses you. The river rat bites you. x2
The hell rat misses you.
You barely miss the hell rat. The river rat bites you. The hell rat bites you!
The river rat bites you. The river rat closely misses you.
The hell rat barely misses you. The river rat bites you.
You barely miss the hell rat.
The rat twitches its whiskers.
The hell rat misses you. The river rat misses you.
The river rat barely misses you. The hell rat bites you!
You feel drained.
* * * LOW HITPOINT WARNING * * *
The river rat barely misses you. The river rat bites you.
* * * LOW HITPOINT WARNING * * *
You are too injured to fight recklessly!
As you read the scroll of teleportation, it crumbles to dust.
You feel strangely unstable. The hell rat barely misses you.
The river rat closely misses you. x2
The hell rat bites you!
* * * LOW HITPOINT WARNING * * *
The hell rat bites you!
You die...

#.##..## ##.....#####
##.#....###....)..#...
##........##...........
#..#####..##.........##
##...###..###.......#.##
#...###...# #..........#
#.....##..##.##.####.)..
##...###########..###...
#####.@rr.(.# #..###...
####..##r.r#(..##.##....
#.#.#######r# #.##.#....
##.##


rr. ##.##.... #.### ..##.###.... ##†.##∆ ..(##..##... ###.## ######.#...
##.##### ######.##... ######..#.###.#...###... You could see a hell rat, 3 river
rats and 2 rats.

Vanquished Creatures
  Sigmund (D:3)
  A water moccasin (D:4)
  An ice beast (D:5)
  2 howler monkeys
  A hound (D:5)
  A gnoll shaman (D:5)
  2 iguanas (D:4)
  An orc wizard (D:4)
  3 worker ants
  Robin (D:2)
  5 adders
  6 gnolls
  An ufetubus (D:5)
  2 oozes (D:3)
  An adder skeleton (D:4)
  A worm (D:5)
  A dart slug (D:1)
  4 leopard geckos
  9 orcs
  2 ball pythons
  12 goblins
  6 hobgoblins
  11 jackals
  4 quokkas
  5 bats
  A frilled lizard (D:3)
  7 kobolds
  A leopard gecko skeleton (D:4)
  23 rats
116 creatures vanquished.

Notes
Turn   | Place    | Note
-------+----------+-------------------------------------------
     0 | D:1      | alphawulf the Gnoll Hunter began the quest for the Orb.
     0 | D:1      | Reached XP level 1. HP: 20/20 MP: 1/1
   108 | D:1      | Reached XP level 2. HP: 26/26 MP: 2/2
   750 | D:1      | Reached XP level 3. HP: 25/31 MP: 3/3
  1002 | D:2      | Reached skill level 1 in Invocations
  1220 | D:2      | Noticed Robin
  1238 | D:2      | Reached skill level 1 in Short Blades
  1238 | D:2      | Reached skill level 1 in Long Blades
  1238 | D:2      | Reached skill level 1 in Axes
  1238 | D:2      | Reached skill level 1 in Maces & Flails
  1238 | D:2      | Reached skill level 1 in Polearms
  1238 | D:2      | Reached skill level 1 in Staves
  1238 | D:2      | Reached skill level 1 in Slings
  1238 | D:2      | Reached skill level 1 in Crossbows
  1238 | D:2      | Reached skill level 1 in Throwing
  1238 | D:2      | Reached skill level 1 in Armour
  1238 | D:2      | Reached skill level 1 in Shields
  1238 | D:2      | Reached skill level 1 in Unarmed Combat
  1238 | D:2      | Reached skill level 1 in Spellcasting
  1238 | D:2      | Reached skill level 1 in Evocations
  1248 | D:2      | Killed Robin
  1249 | D:2      | Reached XP level 4. HP: 12/38 MP: 5/5
  1524 | D:2      | Found a glowing golden altar of the Shining One.
  1831 | D:3      | Noticed Sigmund
  1851 | D:3      | Killed Sigmund
  1852 | D:3      | Reached skill level 1 in Conjurations
  1852 | D:3      | Reached skill level 1 in Hexes
  1852 | D:3      | Reached skill level 1 in Summonings
  1852 | D:3      | Reached skill level 1 in Necromancy
  1852 | D:3      | Reached skill level 1 in Translocations
  1852 | D:3      | Reached skill level 1 in Transmutations
  1852 | D:3      | Reached skill level 1 in Fire Magic
  1852 | D:3      | Reached skill level 1 in Ice Magic
  1852 | D:3      | Reached skill level 1 in Air Magic
  1852 | D:3      | Reached skill level 1 in Earth Magic
  1852 | D:3      | Reached skill level 1 in Poison Magic
  1852 | D:3      | Reached XP level 5. HP: 22/43 MP: 5/7
  1852 | D:3      | Reached XP level 6. HP: 26/50 MP: 5/8
  2418 | D:3      | Reached skill level 5 in Fighting
  2418 | D:3      | Reached skill level 5 in Dodging
  3767 | D:4      | Reached XP level 7. HP: 30/56 MP: 10/10
  4113 | D:4      | Found Kugroaru's Magic Scroll Boutique.
  4121 | D:4      | Bought a scroll of random uselessness for 14 gold pieces
  4542 | D:5      | Entered Level 5 of the Dungeon
  4762 | D:5      | Reached skill level 9 in Bows
  5038 | D:5      | Reached XP level 8. HP: 63/63 MP: 12/12
  5275 | D:5      | HP: 1/60 [hell rat (11)]
  5276 | D:5      | Mangled by a hell rat

Illustrated notes

Levels and vault maps discovered:
D:1:      minmay_arrival_hallway, layout_basic, minmay_rat_gold_closets
D:2:      cheibrodos_old_hovel, layout_basic, tso_altar, uniq_robin
D:3:      layout_loops_cross, uniq_sigmund
D:4:      layout_basic, serial_shops, shop
D:5:      wander_guarded_unrand_ratskin, layout_cave_pools

Skill      XL: |  1  2  3  4  5  6  7 |
---------------+----------------------+-----
Invocations    | 1 2 3 |  3.2
Short Blades   | 1 2 |  2.9
Long Blades    | 1 2 |  2.9
Axes           | 1 2 |  2.9
Maces & Flails | 1 2 |  2.9
Polearms       | 1 2 |  2.9
Staves         | 1 2 |  2.9
Slings         | 1 2 |  2.9
Crossbows      | 1 2 |  2.9
Throwing       | 1 2 |  2.9
Armour         | 1 2 |  2.9
Shields        | 1 2 |  2.9
Unarmed Combat | 1 2 |  2.9
Spellcasting   | 1 2 |  2.9
Evocations     | 1 2 |  2.9
Conjurations   | 1 2 |  2.3
Hexes          | 1 2 |  2.3
Summonings     | 1 2 |  2.3
Necromancy     | 1 2 |  2.3
Translocations | 1 2 |  2.3
Transmutations | 1 2 |  2.3
Fire Magic     | 1 2 |  2.3
Ice Magic      | 1 2 |  2.3
Air Magic      | 1 2 |  2.3
Earth Magic    | 1 2 |  2.3
Poison Magic   | 1 2 |  2.3
Stealth        | 3 |  3.8
Fighting       | 5 |  5.4
Dodging        | 5 |  5.4
Bows           | 9 |  9.0

Action                   |  1- 3 |  4- 6 |  7- 9 || total
-------------------------+-------+-------+-------++-------
Melee: Short sword       |    37 |    31 |       ||    68
       Bite              |     3 |    11 |     3 ||    17
       Scythe            |       |    73 |    61 ||   134
 Fire: Shortbow          |    61 |    49 |    69 ||   179
  Use: Potion            |     1 |       |     1 ||     2
       Scroll            |       |    13 |     2 ||    15
 Stab: Sleeping          |       |     2 |       ||     2
Armor: Leather armour    |    12 |    34 |       ||    46
       Scale mail        |       |     5 |       ||     5
       Ring mail         |       |       |    21 ||    21
Dodge: Dodged            |    31 |   153 |    92 ||   276
